 Dungeon Crawl Stone Soup version 0.20-a0-629-gc37eb77 (webtiles) character file.

105 nubinia the Gusty (level 4, -2/24 HPs)
             Began as a Deep Elf Air Elementalist on Feb 10, 2017.
             Killed by divine providence
             ... invoked by an orc priest
              (10 damage)
             ... on level 3 of the Dungeon.
             The game lasted 00:08:26 (2540 turns).

nubinia the Gusty (Deep Elf Air Elementalist)       Turns: 2540, Time: 00:08:27

Health: -2/24      AC:  3    Str:  5    XL:     4   Next: 53%
Magic:  4/11       EV: 13    Int: 21    God:
Gold:   100        SH:  0    Dex: 15    Spells: 0/10 levels left

rFire    . . .     SeeInvis .   i - -3 whip (curse)
rCold    . . .     Gourm    .   a - +0 robe
rNeg     . . .     Faith    .   (no shield)
rPois    .         Spirit   .   (no helmet)
rElec    .         Reflect  .   (no cloak)
rCorr    .         Harm     .   (no gloves)
MR       .....     Rnd*Tele +   e - +0 pair of boots
Stlth    ++........             (no amulet)
Regen    0.1/turn               l - ring of teleportation (curse)
                                f - ring of wizardry

@: very slightly contaminated
A: no striking features
a: no special abilities


You were on level 3 of the Dungeon.
You were hungry.

You visited 1 branch of the dungeon, and saw 3 of its levels.

You collected 100 gold pieces.

Inventory:

Hand Weapons
 g - a cursed -2 dagger
 i - a cursed -3 whip (weapon)
 n - a +0 rapier
Armour
 a - a +0 robe (worn)
 e - a +0 pair of boots (worn)
Jewellery
 f - a ring of wizardry (left hand)
 l - a cursed ring of teleportation (right hand)
Scrolls
 j - 2 scrolls of blinking {unknown}
 o - 3 scrolls of identify {unknown}
 p - a scroll of recharging {unknown}
Potions
 h - a potion of haste {unknown}
 m - 2 potions of might {unknown}
 q - a potion of curing {unknown}
 r - a potion of agility {unknown}
Books
 b - a book of Air

   Spells                             Type                      Level
   a - Shock                          Conjuration/Air              1
   b - Swiftness                      Charms/Air                   2
   c - Static Discharge               Conjuration/Air              3
   d - Airstrike                      Air                          4
   e - Lightning Bolt                 Conjuration/Air              5
 s - a book of Cantrips

   Spells                             Type                      Level
   a - Confusing Touch                Hexes                        1
   b - Animate Skeleton               Necromancy                   1
   c - Summon Small Mammal            Summoning                    1
   d - Apportation                    Translocation                1
Comestibles
 c - 3 bread rations
 d - a royal jelly
 k - a meat ration


   Skills:
 + Level 2.6 Dodging
 + Level 2.6 Stealth
 + Level 3.9 Spellcasting
 + Level 2.2 Conjurations
 + Level 4.4 Air Magic


You couldn't memorise any spells.
You knew the following spells:

 Your Spells              Type           Power        Failure   Level  Hunger
a - Shock                 Conj/Air       ###.         1%          1    None
b - Swiftness             Chrm/Air       ##......     4%          2    #......
c - Static Discharge      Conj/Air       ###.....     4%          3    ###....
d - Airstrike             Air            ###.......   10%         4    ####...


Dungeon Overview and Level Annotations

Branches:
Dungeon (3/15)

Altars:
Gozag
Kikubaaqudgha
Makhleb
Okawaru
Ru
Trog
Uskayaw
Yredelemnul
The Shining One


Message History

Aim: an orc priest, wielding a club (moderately wounded)
The zap hits the orc priest.
The orc priest is heavily wounded.
The orc priest mumbles some strange prayers to Beogh against you.
Beogh smites you!
Ouch! That really hurt!
Unknown command.
Unknown command.
Unknown command.
Casting: Shock
Confirm with . or Enter, or press ? or * to list all spells.
Aiming: Shock
Press: ? - help, Shift-Dir - straight line, f/p - orc priest
Aim: an orc priest, wielding a club (heavily wounded)
You miscast Shock.
You are very lightly contaminated with residual magic.
You smell something strange.
The orc priest mumbles some strange prayers to Beogh against you.
Beogh smites you!
You die...

##.#....(#
#..#o###.#
#$.....#.#
##..###.#.#
#..o# ...# #
#...###.†.#
##.#........)#
#...........).
##.#.@###.#..).
#.#..# .# ..
...... $
#....... .
#.####### #. #.
#


You could see an orc priest.

Vanquished Creatures
  2 adders (D:3)
  An ooze (D:1)
  3 worms (D:2)
  2 dart slugs
  A leopard gecko (D:1)
  4 orcs (D:3)
  2 ball pythons
  3 giant cockroaches
  9 hobgoblins
  6 jackals
  10 kobolds
  2 bats (D:1)
  10 frilled lizards
  5 goblins
  4 rats
64 creatures vanquished.

Notes
Turn   | Place    | Note
-------+----------+-------------------------------------------
     0 | D:1      | nubinia the Deep Elf Air Elementalist began the quest for the Orb.
     0 | D:1      | Reached XP level 1. HP: 10/10 MP: 6/6
   183 | D:1      | Reached XP level 2. HP: 15/15 MP: 4/8
   217 | D:1      | Learned a level 2 spell: Swiftness
   908 | D:1      | Reached skill level 4 in Air Magic
   975 | D:1      | Reached XP level 3. HP: 19/19 MP: 3/9
  1262 | D:1      | Learned a level 3 spell: Static Discharge
  1515 | D:2      | Found a hide-covered altar of Uskayaw.
  1517 | D:2      | Found an iron altar of Okawaru.
  1517 | D:2      | Found a basalt altar of Yredelemnul.
  1519 | D:2      | Found a burning altar of Makhleb.
  1519 | D:2      | Found an opulent altar of Gozag.
  1524 | D:2      | Found a glowing golden altar of the Shining One.
  1524 | D:2      | Found a sacrificial altar of Ru.
  1527 | D:2      | Found an ancient bone altar of Kikubaaqudgha.
  1842 | D:2      | Found a bloodstained altar of Trog.
  1957 | D:2      | Reached XP level 4. HP: 24/24 MP: 1/11
  1963 | D:2      | Learned a level 4 spell: Airstrike
  2540 | D:3      | Killed from afar by an orc priest

Vault maps used:
D:1:      dpeg_arrival_boxorama
D:2:      grunt_temple_overflow_open, first_bread, trog_hazing_becter
D:3:      regret_index_temple_of_mockery

Skill      XL: |  1  2  3  4 |
---------------+-------------+-----
Air Magic      | 4 |  4.4
Conjurations   | 2 |  2.2
Dodging        | |  2.6
Stealth        | |  2.6
Spellcasting   | |  3.9

Action                   |  1- 3 |  4- 6 || total
-------------------------+-------+-------++-------
 Cast: Shock             |   117 |    24 ||   141
       Static Discharge  |       |     2 ||     2
  Eat: Chunk             |     3 |     1 ||     4
Armor: Robe              |     3 |       ||     3
Dodge: Dodged            |     9 |     2 ||    11
